 Dungeon Sprint DCSS version 0.31-a0-986-g5e6e4ef867 (webtiles) character file.

Game seed: 12626338309510730474

779 dialectric the Imperceptible (level 7, -1/38 HPs)
             Began as a Spriggan Brigand on Nov 11, 2023.
             Was an Initiate of Dithmenos.
             Succumbed to Sonja's poison
             ... in the Dungeon (Sprint I: "Red Sonja").
             The game lasted 00:01:12 (157 turns).

dialectric the Imperceptible (Spriggan Brigand)      Turns: 157, Time: 00:01:12

Health: -1/38      AC:  4    Str:  7    XL:     7   Next: 54%
Magic:  8/8        EV: 19    Int: 12    God:    Dithmenos [......]
Gold:   405        SH:  0    Dex: 19    Spells: 6/6 levels left

rFire   . . .        a - +2 dagger
rCold   . . .        (no shield)
rNeg    + . .        m - +1 robe {rN+}
rPois   .            (helmet restricted)
rElec   .            c - +0 cloak
rCorr   .            (gloves unavailable)
SInv    +            (boots unavailable)
Will    +....        (no amulet)
Stlth   ++++++++     (no ring)
HPRegen 0.26/turn    (no ring)
MPRegen 0.11/turn

%: no teleportation
@: lethally poisoned (-1 -> -10), slowed, quick
A: very small, no large weapons, unfitting armour, see invisible, speed 3
a: Renounce Religion


You were in the Dungeon.
You worshipped Dithmenos.
Dithmenos was noncommittal.
You visited 1 branch You collected 405 gold pieces.

Inventory:

Hand Weapons
 a - a +2 dagger (weapon)
Missiles
 d - 9 poisoned darts
Armour
 b - a +0 robe
 c - a +0 cloak (worn)
 m - a +1 robe of positive energy (worn)
Wands
 l - a wand of flame (27)
Scrolls
 k - a scroll of blinking
Potions
 h - a potion of haste
 i - 2 potions of magic
 j - a potion of berserk rage


   Skills:
 + Level 4.5 Fighting
 + Level 7.1 Short Blades
 - Level 2.5 Throwing
 + Level 3.7 Dodging
 + Level 21.6 Stealth


You had 6 spell levels left.
You didn't know any spells.
Your spell library was empty.

Dungeon Overview and Level Annotations

Branches:
Dungeon (1/1)

Altars:
Cheibriados
Dithmenos
Elyvilon
Fedhas
Gozag
Hepliaklqana
Kikubaaqudgha
Makhleb
Nemelex Xobeh
Okawaru
Qazlal
Ru
Sif Muna
Trog
Uskayaw
Vehumet
Wu Jian
Xom
Yredelemnul
Zin
The Shining One
Jiyva
Lugonu

Shops:
D !

Annotations:
D Sonja


Innate Abilities, Weirdness & Mutations

You are very small and have problems with some larger weapons.
You are too small for most types of armour.
You have supernaturally acute eyesight. (SInv)
You cover ground extremely quickly. (Speed+++)


Message History

Aim: Sonja, wielding a +2 dagger of venom and quivering curare-tipped darts (moderately wounded, very poisoned, slow, 25% to hit)
The puff of flame misses Sonja.
You feel very sick.
Sonja says, "I'm academy-trained, you know."
Sonja gestures wildly while chanting.
Sonja blinks!
Unknown command.
Aiming: Throw Flame
Press: ? - help, Shift-Dir - straight line, f/p - Sonja
Aim: Sonja, wielding a +2 dagger of venom and quivering curare-tipped darts (moderately wounded, very poisoned, slow, 25% to hit)
The puff of flame hits Sonja!
Sonja is severely wounded.
You feel sick.
Sonja mumbles some strange words.
Sonja blinks!
Unknown command.
You feel much better.
You feel sick.
Sonja hits you with a +2 dagger of venom!
You are more poisoned.
Sonja misses you.
Sonja hits you with a +2 dagger of venom!
Sonja gestures wildly while chanting.
Sonja blinks!
Unknown command.
You feel very sick.
Sonja is no longer moving slowly.
The kobold demonologist hits you with a +0 dagger.
* * * LOW HITPOINT WARNING * * *
The kobold demonologist mumbles some strange words.
You see here 27 gold pieces.
You open the door.
* * * LOW HITPOINT WARNING * * *
You feel very sick.
The kobold demonologist hits you with a +0 dagger.
* * * LOW HITPOINT WARNING * * *
The kobold demonologist gestures wildly while chanting.
* * * LOW HITPOINT WARNING * * *
You feel very sick.
There is an open door here.
You die...

#..#####'#####K#__####K..+
#..####..#...#[#### #####
#..#__####..##(#
#..#_____##'#_.+
#⌠⌠#_.∩...'..._#
####_..__##_(#'#
#_____###K#)#
##########.###
.......@'5K$+
#++++####$5$# ##(## #+#


You could see a kobold demonologist, a quasit (summoned) and a white imp
(summoned).

Vanquished Creatures
  A glass eye (D)
  A slime creature (D)
  Sigmund (D)
  A yak (D)
  An ogre (D)
  A jelly (D)
  Ijyb (D)
7 creatures vanquished.

Notes
Turn   | Place    | Note
-------+----------+-------------------------------------------
     0 | D        | dialectric the Spriggan Brigand began the quest for the
                  | Orb.
     0 | D        | Reached XP level 1. HP: 10/10 MP: 2/2
     1 | D        | Noticed Ijyb
     4 | D        | Killed Ijyb
     5 | D        | Reached skill level 9 in Stealth
     5 | D        | Reached XP level 2. HP: 15/15 MP: 3/3
     9 | D        | Noticed an ogre
    11 | D        | Killed an ogre
    12 | D        | Reached skill level 13 in Stealth
    12 | D        | Reached XP level 3. HP: 19/19 MP: 4/4
    12 | D        | Reached XP level 4. HP: 23/23 MP: 5/5
    23 | D        | Noticed Sigmund
    25 | D        | Killed Sigmund
    26 | D        | Reached skill level 5 in Short Blades
    26 | D        | Reached skill level 16 in Stealth
    26 | D        | Reached XP level 5. HP: 28/28 MP: 6/6
    53 | D        | Found a shimmering blue altar of Sif Muna.
    54 | D        | Found an ornate altar of the Wu Jian Council.
    55 | D        | Found a radiant altar of Vehumet.
    60 | D        | Reached skill level 17 in Stealth
    60 | D        | Reached XP level 6. HP: 32/32 MP: 7/7
    73 | D        | Found Zucuti's Distillery.
    73 | D        | Found an ancient bone altar of Kikubaaqudgha.
    73 | D        | Found a hazy altar of Hepliaklqana.
    73 | D        | Found a hide-covered altar of Uskayaw.
    73 | D        | Found a basalt altar of Yredelemnul.
    73 | D        | Found an opulent altar of Gozag.
    73 | D        | Found a snail-covered altar of Cheibriados.
    73 | D        | Found a sacrificial altar of Ru.
    73 | D        | Found a shadowy altar of Dithmenos.
    73 | D        | Noticed a yak
    74 | D        | Found a stormy altar of Qazlal.
    74 | D        | Found a blossoming altar of Fedhas.
    74 | D        | Found a bloodstained altar of Trog.
    74 | D        | Found an iron altar of Okawaru.
    74 | D        | Found a glowing golden altar of the Shining One.
    74 | D        | Found a glowing silver altar of Zin.
    74 | D        | Found a white marble altar of Elyvilon.
    75 | D        | Killed a yak
    76 | D        | Reached skill level 19 in Stealth
    76 | D        | Found a sparkling altar of Nemelex Xobeh.
    82 | D        | Became a worshipper of Dithmenos the Shadowed
   103 | D        | Found a burning altar of Makhleb.
   103 | D        | Found a shimmering altar of Xom.
   103 | D        | Noticed a slime creature
   104 | D        | Found a viscous altar of Jiyva.
   104 | D        | Found a corrupted altar of Lugonu.
   106 | D        | Killed a slime creature
   107 | D        | Reached skill level 20 in Stealth
   107 | D        | Reached XP level 7. HP: 37/37 MP: 8/8
   119 | D        | Noticed a kobold demonologist
   120 | D        | Noticed a glass eye
   120 | D        | Noticed a kobold demonologist
   122 | D        | Killed a glass eye
   123 | D        | Reached skill level 21 in Stealth
   123 | D        | Noticed a smoke demon
   142 | D        | Noticed Sonja
   156 | D        | HP: 1/38 [poisoned by Sonja]
   157 | D        | Succumbed to Sonja's poison

Illustrated notes

Levels and vault maps discovered:
D:        dungeon_sprint_1 [red_sonja_temple_1, red_sonja_temple_small_1]

Skill      XL: |  1  2  3  4  5  6  7 |
---------------+----------------------+-----
Fighting       | 2 3 4 |  4.5
Short Blades   | 3 4 5 6 7 |  7.1
Stealth        | 9 13 16 17 20 21 | 21.6
Dodging        | 2 3 |  3.7
Throwing       | |  2.5

Action                     |  1- 3 |  4- 6 |  7- 9 || total
---------------------------+-------+-------+-------++-------
  Melee: Dagger            |     2 |     4 |     2 ||     8
  Throw: Dart              |       |       |     3 ||     3
  Evoke: Wand              |       |       |     2 ||     2
    Use: Potion            |       |       |     2 ||     2
   Stab: Sleeping          |     2 |     4 |     1 ||     7
 Armour: Robe              |       |       |     8 ||     8
  Dodge: Dodged            |       |       |     7 ||     7

Table legend: (Time is in decaauts)
 A = Elapsed time spent in this place.
 B = Non-inter-level travel time spent in this place.
 C = Inter-level travel time spent in this place.
 D = Time resting spent in this place.
 E = Time spent auto-exploring this place.
 F = Levels seen in this place.
 G = Mean time per level.
                   A        B        C        D        E       F      G
               +--------+--------+--------+--------+--------+-----+--------+
         Total |    118 |    118 |      0 |      0 |      0 |   1 |  118.0 |
       Dungeon |    118 |    118 |      0 |      0 |      0 |   1 |  118.0 |
               +--------+--------+--------+--------+--------+-----+--------+

Top non-repeatable levels by time:
       D: 118 daAuts
